 Dungeon Sprint DCSS version 0.30-a0-989-g0d87f670db (webtiles) character file.

Game seed: 14743991031758996616

56 fozzywoppz the Shield-Bearer (level 7, -5/76 HPs)
             Began as a Troll Fighter on Apr 2, 2023.
             Was a Priest of Qazlal.
             Slain by a merfolk
             ... wielding a +0 trident
              (17 damage)
             ... in the Dungeon (Sprint VI: "Thunderdome").
             The game lasted 00:03:59 (271 turns).

fozzywoppz the Shield-Bearer (Troll Fighter)         Turns: 271, Time: 00:03:59

Health: -5/76      AC:  5    Str: 25    XL:     7   Next: 17%
Magic:  6/9        EV: 11    Int: 10    God:    Qazlal [***...]
Gold:   145        SH: 19    Dex: 13    Spells: 6/6 levels left

rFire   . . .      SeeInvis +      - Unarmed
rCold   + . .      Faith    .    b - +0 kite shield
rNeg    . . .      Spirit   .    a - +0 robe
rPois   .          Reflect  +    (helmet restricted)
rElec   .          Rampage  .    n - +0 cloak
rCorr   .          NoTele   +    (gloves unavailable)
Will    .....                    (boots unavailable)
Stlth   +                        p - amulet "Etoh" {Reflect rF- rC+ Dex+2 SH+5 SInv}
HPRegen 1.12/turn                q - ring "Qucem" {+Blink rC+}
MPRegen 0.11/turn                o - ring of Divine Compulsion {Fire Int+6}

@: no status effects
A: large, unfitting armour, claws 3, regeneration 1, shaggy fur 1, tough skin 1
a: Renounce Religion, Evoke Blink, Upheaval, Elemental Force


You were in the Dungeon.
You worshipped Qazlal.
Qazlal was most pleased with you.
You visited 1 branch You collected 280 gold pieces.
You spent 135 gold pieces at shops.

Inventory:

Armour
 a - a +0 robe (worn)
 b - a +0 kite shield (worn)
 n - a +0 cloak (worn)
Jewellery
 o - the ring of Divine Compulsion (right claw) {Fire Int+6}
   (You bought it in a shop in the Dungeon)

   [ring of fire]

   It enhances your fire magic.
   Int:       It affects your intelligence (+6).
   rF:        It protects you from fire.
   rC:        It makes you vulnerable to cold.
 p - the amulet "Etoh" (around neck) {Reflect rF- rC+ Dex+2 SH+5 SInv}
   (You bought it in a shop in the Dungeon)

   [amulet of reflection]

   It reflects blocked missile attacks.
   Dex:       It affects your dexterity (+2).
   rF:        It makes you vulnerable to fire.
   rC:        It protects you from cold.
   SInv:      It lets you see invisible.
   SH:        It affects your SH (+5).
 q - the ring "Qucem" (left claw) {+Blink rC+}
   (You bought it in a shop in the Dungeon)

   [ring of protection from cold]

   rC:        It protects you from cold.
   +Blink:    It lets you blink.
Wands
 k - a wand of iceblast (3)
Scrolls
 i - 2 scrolls of blinking
 l - 3 scrolls of fog
Potions
 c - a potion of attraction {unknown}
 d - a potion of curing
 e - 2 potions of heal wounds
 f - 4 potions of haste
 g - 2 potions of magic
 h - a potion of berserk rage
 m - a potion of resistance


   Skills:
 + Level 6.9 Fighting
 + Level 6.8 Dodging
 + Level 7.5 Shields
 + Level 6.4 Unarmed Combat
 + Level 4.6 Invocations
 - Level 0.5 Evocations


You had 6 spell levels left.
You didn't know any spells.
Your spell library was empty.

Dungeon Overview and Level Annotations

Branches:
Dungeon (1/1)

Altars:
Cheibriados
Dithmenos
Fedhas
Gozag
Kikubaaqudgha
Makhleb
Okawaru
Qazlal
Ru
Sif Muna
Trog
Uskayaw
Vehumet
Wu Jian
Xom
Yredelemnul
Zin
The Shining One
Lugonu

Shops:
D *[??*?*:[((!!!!


Innate Abilities, Weirdness & Mutations

You are too large for most types of armour.
You have claws for hands.
Your natural rate of healing is unusually fast.
You are covered in fur. (AC +1)
You have tough skin. (AC +1)


Message History

Qazlal accepts your kill.
The merfolk throws a boomerang.
The boomerang hits you!
You see here a wyvern corpse.
You block the merfolk's attack.
The merfolk hits you from afar with a +0 trident!
You closely miss the merfolk.
The merfolk is moderately wounded. 50...
You block the merfolk's attack. You block the merfolk's attack.
The merfolk hits you with a +0 trident!
Things that are here:
a +0 shortbow; a centaur corpse; a wyvern corpse You scratch the merfolk.
The merfolk is lightly wounded.
You block the merfolk's attack. The merfolk closely misses you.
You closely miss the merfolk.
The merfolk is moderately wounded.
The merfolk hits you with a +0 trident!
The merfolk hits you with a +0 trident!!
* * * LOW HITPOINT WARNING * * *
You are too injured to fight recklessly!
You are too injured to fight recklessly!
Unknown command.
The merfolk throws a boomerang.
The boomerang hits you!
* * * LOW HITPOINT WARNING * * *
You block the merfolk's attack.
You feel much better. You block the merfolk's attack.
The merfolk hits you with a +0 trident!
You barely miss the merfolk.
The merfolk throws a boomerang.
You reflect the boomerang off an invisible shield around you!
The boomerang completely misses the merfolk.
The merfolk hits you but does no damage.
You scratch the merfolk.
The merfolk is lightly wounded.
You block the merfolk's attack. The merfolk hits you with a +0 trident!
* * * LOW HITPOINT WARNING * * *
You barely miss the merfolk.
The merfolk is lightly wounded.
The merfolk hits you from afar with a +0 trident!
You die...

##∩.....∩## #∩.......∩#
#_......._# #_........#
#_.......[# ###.........###
#⌠.....m.....)#
######.8...†.)m..8.######
##._._...[..###@.))..___∩##
##∩........8.# #.8......).∩###
.............###.............##
..........###...###..........⌠#
..........# #.<)# #..†.......⌠#
..........###)..###..........⌠#
.............###.............##
##∩........8.# #.8........∩###
##∩___....).###......___∩##


You could see 2 merfolk.

Vanquished Creatures
  2 wyverns (D)
  A centaur (D)
  A kobold brigand (D)
  A gnoll sergeant (D)
  Crazy Yiuf (D)
  A gnoll bouda (D)
  3 gnolls (D)
  A goblin (D)
  3 hobgoblins (D)
  A kobold (D)
15 creatures vanquished.

Notes
Turn   | Place    | Note
-------+----------+-------------------------------------------
     0 | D        | fozzywoppz the Troll Fighter began the quest for the Orb.
     0 | D        | Reached XP level 1. HP: 22/22 MP: 0/0
     1 | D        | Found an ancient bone altar of Kikubaaqudgha.
     1 | D        | Found a glowing silver altar of Zin.
     2 | D        | Found an ornate altar of the Wu Jian Council.
     2 | D        | Found a shimmering blue altar of Sif Muna.
     3 | D        | Found a glowing golden altar of the Shining One.
     3 | D        | Found a shadowy altar of Dithmenos.
     4 | D        | Found Cell's Identification Station.
     4 | D        | Found a burning altar of Makhleb.
     5 | D        | Found Pell's Advanced Armour.
     5 | D        | Found Rily's Jewellery.
     5 | D        | Round 1.
     7 | D        | Found a sacrificial altar of Ru.
    10 | D        | Found Zasiz's Premium Goods.
    10 | D        | Found Yracher's Miscellaneous Merchandise.
    11 | D        | Found Qugiog's Basic Armour.
    15 | D        | Found Hoym's Weapon Rack.
    15 | D        | Found a radiant altar of Vehumet.
    15 | D        | Found a basalt altar of Yredelemnul.
    19 | D        | Found a corrupted altar of Lugonu.
    20 | D        | Found a stormy altar of Qazlal.
    21 | D        | Found a blossoming altar of Fedhas.
    22 | D        | Found Xarheh's Do-It-Yourself Clinic.
    23 | D        | Found Tiqifisy's Bottled Wisdom.
    23 | D        | Found Suamuaz's Distillery.
    24 | D        | Found a shimmering altar of Xom.
    24 | D        | Found an opulent altar of Gozag.
    24 | D        | Found Paatt's Distillery.
    30 | D        | Found a hide-covered altar of Uskayaw.
    32 | D        | Found an iron altar of Okawaru.
    32 | D        | Found a snail-covered altar of Cheibriados.
    32 | D        | Found a bloodstained altar of Trog.
    32 | D        | Found Puop's Staff Store.
    32 | D        | Found Norawn's Magic Scroll Shop.
    33 | D        | Found Biynut's Must-Have Magic.
    33 | D        | Found Timausec's Magic Scroll Shop.
    35 | D        | Noticed a gnoll sergeant
    38 | D        | Killed a gnoll sergeant
    39 | D        | Reached skill level 4 in Shields
    39 | D        | Reached XP level 2. HP: 32/32 MP: 1/1
    39 | D        | Reached XP level 3. HP: 39/39 MP: 2/2
    64 | D        | Became a worshipper of Qazlal Stormbringer
    80 | D        | Reached XP level 4. HP: 48/49 MP: 3/3
    93 | D        | Reached * piety under Qazlal
    94 | D        | Reached skill level 5 in Shields
    95 | D        | Noticed Crazy Yiuf
   107 | D        | Killed Crazy Yiuf
   107 | D        | Arena points: 14 (+14) [x2]
   108 | D        | Reached skill level 5 in Fighting
   108 | D        | Reached skill level 5 in Dodging
   108 | D        | Reached XP level 5. HP: 41/57 MP: 4/4
   136 | D        | Bought a clouded golden ring for 45 gold pieces
   136 | D        | Identified the ring of Divine Compulsion {Fire Int+6} (You
                  | bought it in a shop in the Dungeon)
   136 | D        | Bought a steaming pewter amulet for 45 gold pieces
   136 | D        | Identified the amulet "Etoh" {Reflect rF- rC+ Dex+2 SH+5
                  | SInv} (You bought it in a shop in the Dungeon)
   136 | D        | Bought a pitted pewter ring for 45 gold pieces
   136 | D        | Identified the ring "Qucem" {+Blink rC+} (You bought it in
                  | a shop in the Dungeon)
   176 | D        | Round 2.
   186 | D        | Reached ** piety under Qazlal
   200 | D        | Reached skill level 6 in Shields
   211 | D        | Reached *** piety under Qazlal
   229 | D        | Arena points: 56 (+42) [x3]
   245 | D        | Round 3.
   250 | D        | Noticed a wyvern
   250 | D        | Noticed a centaur
   250 | D        | Noticed a merfolk
   251 | D        | Noticed a wyvern
   251 | D        | Noticed a merfolk
   259 | D        | Killed a wyvern
   259 | D        | Killed a wyvern
   260 | D        | Reached skill level 7 in Shields
   260 | D        | Reached XP level 6. HP: 62/68 MP: 5/8
   260 | D        | Reached XP level 7. HP: 69/76 MP: 5/9
   271 | D        | Slain by a merfolk

Illustrated notes

Levels and vault maps discovered:
D:        arena_sprint

Skill      XL: |  1  2  3  4  5 |
---------------+----------------+-----
Fighting       | 4 5 6 |  6.9
Dodging        | 4 5 6 |  6.8
Shields        | 4 5 7 |  7.5
Unarmed Combat | 3 6 |  6.4
Invocations    | 4 |  4.6
Evocations     | |  0.5

Action                     |  1- 3 |  4- 6 |  7- 9 || total
---------------------------+-------+-------+-------++-------
  Melee: Unarmed           |     1 |    26 |     6 ||    33
  Evoke: Wand              |     2 |     5 |       ||     7
    Use: Potion            |       |     2 |     1 ||     3
         Scroll            |       |     2 |       ||     2
 Armour: Robe              |     1 |     2 |     1 ||     4
  Dodge: Dodged            |       |     6 |     1 ||     7
  Block: Kite shield       |     2 |    17 |     9 ||    28
         Reflection        |       |       |     2 ||     2

Table legend: (Time is in decaauts)
 A = Elapsed time spent in this place.
 B = Non-inter-level travel time spent in this place.
 C = Inter-level travel time spent in this place.
 D = Time resting spent in this place.
 E = Time spent auto-exploring this place.
 F = Levels seen in this place.
 G = Mean time per level.
                   A        B        C        D        E       F      G
               +--------+--------+--------+--------+--------+-----+--------+
         Total |    271 |    271 |      0 |      6 |      7 |   1 |  271.0 |
       Dungeon |    271 |    271 |      0 |      6 |      7 |   1 |  271.0 |
               +--------+--------+--------+--------+--------+-----+--------+

Top non-repeatable levels by time:
       D: 271 daAuts
